 Dungeon Crawl Stone Soup version 0.27-a0-705-ga0013940fb (webtiles) character file.

Game seed: 16414325817430533361

18879 dickylongcocking the Fighter (level 12, -4/139 HPs)
             Began as an Ogre Arcane Marksman on Mar 22, 2021.
             Was a High Priest of Okawaru.
             Splashed by a brown ugly thing's acid (10 damage)
             ... on level 13 of the Dungeon.
             The game lasted 00:16:34 (17930 turns).

dickylongcocking the Fighter (OgAM)                Turns: 17930, Time: 00:16:35

Health: -4/139     AC: -1    Str: 17    XL:     12   Next: 63%
Magic:  15/17      EV: 14    Int: 17    God:    Okawaru [*****.]
Gold:   1493       SH:  0    Dex: 10    Spells: 12/13 levels left

rFire    + . .     SeeInvis .   j - +5 giant club "Igie" {flame, +Fly rC+}
rCold    + . .     Faith    .   (shield currently unavailable)
rNeg     . . .     Spirit   .   w - +2 robe
rPois    .         Reflect  .   (helmet restricted)
rElec    .         Harm     .   r - +0 cloak
rCorr    .         Rampage  .   (gloves unavailable)
Will     +....                  (boots unavailable)
Stlth    +++.......             L - amulet of regeneration
HPRegen  1.33/turn              o - ring of flight
MPRegen  0.15/turn              D - ring of protection from fire

@: lethally poisoned (-4 -> -6), heroic, corroded
A: large, unfitting armour, tough skin 1
a: Renounce Religion, Evoke Flight, Heroism, Finesse


You were on level 13 of the Dungeon.
You worshipped Okawaru.
Okawaru was extremely pleased with you.
You visited 1 branch of the dungeon, and saw 13 of its levels.
You also visited: Ossuary.

You collected 1493 gold pieces.

Inventory:

Hand Weapons
 b - a +0 club
 i - the +3 Elemental Staff {rElec rF++ rC++ Will++ AC+5}
   (You acquired it on level 11 of the Dungeon)

   It affects your AC (+5).
   It greatly protects you from fire.
   It greatly protects you from cold.
   It insulates you from electricity.
   It affects your willpower, your defense against some magical effects.
 j - the +5 giant club "Igie" (weapon) {flame, +Fly rC+}
   (Okawaru gifted it to you on level 10 of the Dungeon)

   It has been specially enchanted to burn those struck by it, causing extra
   injury to most foes and up to half again as much damage against particularly
   susceptible opponents.
   It protects you from cold.
   It lets you fly.
 k - a +0 war axe of freezing
 l - a +0 spectral quarterstaff
 F - a +0 giant spiked club of flaming
 P - a +0 spectral giant spiked club
 U - a +3 dire flail of protection
Missiles
 c - 14 large rocks
 d - 6 throwing nets
 H - 12 javelins (quivered)
 K - 19 boomerangs
 O - 4 curare-tipped darts
Armour
 a - a +0 robe
 r - a +0 cloak (worn)
 w - a +2 robe (worn)
Jewellery
 n - the amulet "Loliutte" {Acrobat rPois rN+}
   (You acquired it on level 11 of the Dungeon)

   [amulet of the acrobat]

   It helps you evade while moving and waiting.
   It protects you from poison.
   It protects you from negative energy.
 o - a ring of flight (right hand)
 D - a ring of protection from fire (left hand)
 L - an amulet of regeneration (around neck)
Wands
 u - a wand of random effects (47)
 I - a wand of mindburst (24)
 Q - a wand of iceblast (8)
 R - a wand of flame (12)
Scrolls
 g - 3 scrolls of random uselessness {unknown}
 h - 3 scrolls of fog {unknown}
 m - 6 scrolls of teleportation
 s - 4 scrolls of amnesia
 t - 3 scrolls of magic mapping {unknown}
 x - a scroll of holy word
 y - a scroll of immolation {unknown}
 B - 2 scrolls of noise {unknown}
 G - a scroll of silence
 J - 3 scrolls of fear {unknown}
 M - a scroll of vulnerability {unknown}
 N - a scroll of enchant armour {unknown}
 S - 3 scrolls of identify
 W - a scroll of blinking {unknown}
Potions
 e - a potion of attraction
 f - 5 potions of curing
 p - 3 potions of mutation
 q - a potion of might
 v - a potion of brilliance
 z - a potion of lignification
 A - a potion of haste
 C - a potion of flight
 E - a potion of invisibility
 T - a potion of magic {unknown}
 V - 2 potions of resistance {unknown}


   Skills:
 - Level 14.1(19.1) Fighting
 * Level 7.3(12.3) Maces & Flails
 + Level 10.8(15.8) Throwing
 + Level 9.9(14.9) Dodging
 - Level 1.2 Spellcasting
 - Level 2.8 Hexes
 + Level 6.8 Invocations


You had 12 spell levels left.
You knew the following spells:

 Your Spells              Type           Power      Damage    Failure   Level
a - Corona                Hex            11%        N/A       7%          1

Your spell library contained the following spells:

 Spells                   Type           Power      Damage    Failure   Level
 Slow                     Hex            10%        N/A       10%         2
 Ensorcelled Hibernation  Hex/Ice        10%        N/A       19%         2
 Confusing Touch          Hex            10%        N/A       21%         3
 Tukima's Dance           Hex            10%        N/A       21%         3
 Apportation              Tloc           2%         N/A       22%         1
 Beastly Appendage        Tmut           2%         N/A       22%         1
 Magic Dart               Conj           4%         1d3       22%         1
 Searing Ray              Conj           2%         3d3       32%         2
 Wereblood                Tmut           1%         N/A       32%         2
 Dazzling Flash           Conj/Hex       10%        N/A       34%         3
 Inner Flame              Hex/Fire       5%         N/A       34%         3
 Portal Projectile        Hex/Tloc       10%        N/A       34%         3
 Gell's Gravitas          Tloc           0%         N/A       54%         3
 Lesser Beckoning         Tloc           0%         N/A       54%         3
 Spider Form              Tmut/Pois      0%         N/A       54%         3
 Cause Fear               Hex            5%         N/A       54%         4
 Fulminant Prism          Conj/Hex       2%         3d6       75%         4
 Leda's Liquefaction      Hex/Erth       2%         N/A       75%         4
 Ice Form                 Ice/Tmut       1%         N/A       91%         4
 Iskenderun's Mystic Bla  Conj/Tloc      1%         2d3       91%         4
 Petrify                  Tmut/Erth      1%         N/A       91%         4
 Metabolic Englaciation   Hex/Ice        2%         N/A       97%         5
 Yara's Violent Unravell  Hex/Tmut       2%         3d3       97%         5
 Alistair's Intoxication  Tmut/Pois      0%         N/A       99%         5
 Blade Hands              Tmut           0%         N/A       99%         5
 Invisibility             Hex            10%        N/A       100%        6


Dungeon Overview and Level Annotations

Branches:
Dungeon (13/15)            Temple (0/1) D:7            Lair (0/6) D:10
    Orc (0/2) D:12        Ossuary (visited)
 Vaults: D:13-14

Altars:
Cheibriados
Dithmenos
Fedhas
Gozag
Kikubaaqudgha
Makhleb
Nemelex Xobeh
Okawaru
Ru
Trog
Uskayaw
Wu Jian
Yredelemnul
Zin

Shops:
D:1 (   D:4 *   D:7 :   D:8 [

Annotations:
D:11 2 transporters, robertstho's ghost, journeyman MiBe


Innate Abilities, Weirdness & Mutations

You are too large for most types of armour.
You have tough skin. (AC +1)


Message History

The green ugly thing stings you! The brown ugly thing punches you.
The acid corrodes you!
You are splashed with acid!
The green ugly thing stings you. The brown ugly thing punches you.
The acid corrodes you!
You are splashed with acid!
Unknown command.
You bludgeon the green ugly thing!! You burn the green ugly thing.
You kill the green ugly thing!
Okawaru accepts your kill.
You feel very sick.
The brown ugly thing closely misses you.
You hit the brown ugly thing. You burn the brown ugly thing.
The brown ugly thing is lightly wounded.
You feel very sick.
The brown ugly thing closely misses you.
You gain the combat prowess of a mighty hero.
You feel sick. The brown ugly thing punches you.
You are splashed with acid!
Unknown command.
You thump the brown ugly thing! You burn the brown ugly thing.
The brown ugly thing is moderately wounded.
You feel very sick. The brown ugly thing misses you.
Unknown command.
You sock the brown ugly thing! You burn the brown ugly thing.
The brown ugly thing is moderately wounded.
You feel sick. The brown ugly thing punches you!
You are splashed with acid!
* * * LOW HITPOINT WARNING * * *
Unknown command.
You hit the brown ugly thing. You burn the brown ugly thing.
The brown ugly thing is heavily wounded.
You feel sick. The brown ugly thing punches you!
* * * LOW HITPOINT WARNING * * *
You are splashed with acid!
* * * LOW HITPOINT WARNING * * *
Unknown command.
You closely miss the brown ugly thing.
The brown ugly thing is heavily wounded.
You feel sick. The brown ugly thing punches you!
* * * LOW HITPOINT WARNING * * *
The acid corrodes you!
You are splashed with acid!
You die...

##### # ...######### .#
.# #.#
####.##†.....#####.#...
#.#
#....u@..)...(.........
#.#
#.##.##.)∩)..##.......#
#.#
#.##.##..)..###†#####.#
#.# #.##.##.....# #.#
#.# #.##.......## #.#
#.### #u########## #.#
## #...###.######## #.#
.. #...u..........# #.#
..###...###.###....#
#.#


You could see a brown ugly thing.

Vanquished Creatures
  A boulder beetle (D:13)
  A tengu warrior (D:12)
  4 two-headed ogres
  Sonja (D:10)
  An unseen horror (D:11)
  Pikel (D:5)
  2 ugly things
  2 cyclopes
  A manticore (D:11)
  A gargoyle (D:10)
  An efreet (D:9)
  A troll (D:12)
  Sigmund (D:5)
  10 yaks
  A water elemental (D:10)
  A fire elemental (D:10)
  4 orc warriors
  6 sky beasts
  A black bear (D:11)
  4 ice beasts
  4 necrophages
  2 wolves (D:10)
  7 ogres
  A phantom (D:9)
  5 centaurs
  A lemure (D:5)
  3 elf zombies (Ossuary)
  A kobold brigand (D:13)
  5 gnoll sergeants (D:10)
  13 bullfrogs
  Blork the orc (D:5)
  An earth elemental (D:10)
  5 scorpions
  14 killer bees
  8 wights (D:11)
  3 howler monkeys
  A lava snake (D:9)
  5 bullfrog zombies
  3 centaur zombies
  7 human zombies (Ossuary)
  3 quasits
  8 orc priests
  17 hounds
  2 jellies
  4 bullfrog skeletons
  3 gnoll shamans
  Ijyb (D:5)
  10 orc wizards
  10 worker ants
  2 hound skeletons
  3 mummies (Ossuary)
  A worker ant zombie (D:10)
  39 gnolls
  6 adders
  2 shadow imps (D:5)
  2 white imps
  2 ufetubi (D:7)
  An adder skeleton (D:9)
  A worm (D:3)
  2 dart slugs (D:1)
  28 orcs
  8 bats
  3 giant cockroaches
  6 goblins
  10 hobgoblins
  14 jackals
  12 kobolds
  18 oozes
  11 quokkas
  7 ball pythons
  5 frilled lizards
  A quokka skeleton (D:5)
  8 rats
385 creatures vanquished.

Vanquished Creatures (others)
  An air elemental (D:10)
  An electric eel (D:10)
  An orc (D:9)
  2 fungi (D:3)
  9 toadstools (D:3)
14 creatures vanquished.

Grand Total: 399 creatures vanquished

Notes
Turn   | Place    | Note
-------+----------+-------------------------------------------
     0 | D:1      | dickylongcocking the Ogre Arcane Marksman began the quest
                  | for the Orb.
     0 | D:1      | Reached XP level 1. HP: 19/19 MP: 2/2
   356 | D:1      | Reached skill level 2 in Fighting
   356 | D:1      | Reached XP level 2. HP: 23/28 MP: 3/3
   516 | D:1      | Reached skill level 1 in Maces & Flails
  1301 | D:1      | Reached XP level 3. HP: 31/36 MP: 4/4
  1813 | D:1      | Reached skill level 3 in Fighting
  1875 | D:1      | Found Jinonot's Weapon Boutique.
  3022 | D:2      | Found a sacrificial altar of Ru.
  3504 | D:3      | Reached XP level 4. HP: 45/48 MP: 5/5
  3657 | D:3      | Noticed a centaur
  3661 | D:3      | Killed a centaur
  3662 | D:3      | Reached skill level 5 in Fighting
  3662 | D:3      | Reached XP level 5. HP: 49/57 MP: 6/6
  3752 | D:3      | Found a sparkling altar of Nemelex Xobeh.
  3877 | D:3      | Found a glowing silver altar of Zin.
  3879 | D:3      | Found a bloodstained altar of Trog.
  3880 | D:3      | Found an ancient bone altar of Kikubaaqudgha.
  4721 | D:3      | Noticed an ogre
  4727 | D:3      | Killed an ogre
  4728 | D:3      | Reached skill level 6 in Fighting
  4728 | D:3      | Reached XP level 6. HP: 49/67 MP: 7/7
  5308 | D:3      | Found a blossoming altar of Fedhas.
  5612 | D:3      | Found an iron altar of Okawaru.
  5615 | D:3      | Found a basalt altar of Yredelemnul.
  5619 | D:3      | Found a shadowy altar of Dithmenos.
  5728 | D:3      | Became a worshipper of Warmaster Okawaru
  6085 | D:4      | Found Nismamet's Assorted Antiques.
  6132 | D:4      | Reached XP level 7. HP: 34/76 MP: 8/8
  6608 | D:5      | Entered Level 5 of the Dungeon
  6608 | D:5      | Noticed Ijyb
  6617 | D:5      | Reached skill level 11 in Fighting
  6617 | D:5      | Reached XP level 8. HP: 64/97 MP: 9/9
  6621 | D:5      | Killed Ijyb
  6795 | D:5      | Noticed Blork the orc
  6801 | D:5      | Killed Blork the orc
  6987 | D:5      | Noticed Sigmund
  6992 | D:5      | Killed Sigmund
  6992 | D:5      | Reached * piety under Okawaru
  7094 | D:5      | Noticed Pikel
  7104 | D:5      | Killed Pikel
  7104 | D:5      | Reached ** piety under Okawaru
  7105 | D:5      | Reached XP level 9. HP: 83/106 MP: 10/10
  7309 | D:5      | Found an ornate altar of the Wu Jian Council.
  8111 | D:5      | Reached skill level 12 in Fighting
  8425 | D:6      | Found a hide-covered altar of Uskayaw.
  8560 | D:6      | Found a snail-covered altar of Cheibriados.
  8560 | D:6      | Found an opulent altar of Gozag.
  9042 | D:7      | Found an opulent altar of Gozag.
  9144 | D:7      | Found a sand-covered staircase.
  9173 | Ossuary  | Entered an ossuary
  9252 | Ossuary  | Reached *** piety under Okawaru
  9860 | Ossuary  | Reached skill level 1 in Invocations
  9860 | Ossuary  | Reached XP level 10. HP: 57/117 MP: 11/11
 10084 | D:7      | Found a staircase to the Ecumenical Temple.
 10118 | D:7      | Received a gift from Okawaru
 10596 | D:7      | Found Tuofas's Book Shop.
 11109 | D:8      | Found Fiadiqic's Armour Boutique.
 11611 | D:8      | Found a burning altar of Makhleb.
 12294 | D:9      | Reached **** piety under Okawaru
 12407 | D:9      | Received a gift from Okawaru
 13057 | D:10     | Entered Level 10 of the Dungeon
 13277 | D:10     | Reached XP level 11. HP: 80/126 MP: 13/13
 13288 | D:9      | Reached skill level 5 in Maces & Flails
 13578 | D:10     | Found a large runed translucent door.
 13579 | D:10     | Found a large runed translucent door.
 13609 | D:10     | Noticed Sonja
 13615 | D:10     | Noticed a two-headed ogre
 13623 | D:10     | Killed Sonja
 13623 | D:10     | Reached ***** piety under Okawaru
 13624 | D:10     | Reached skill level 13 in Fighting
 13725 | D:10     | Noticed a two-headed ogre
 13755 | D:10     | Killed a two-headed ogre
 13897 | D:10     | Killed a two-headed ogre
 13897 | D:10     | Identified the +5 giant club "Igie" {flame, +Fly rC+}
                  | (Okawaru gifted it to you on level 10 of the Dungeon)
 13897 | D:10     | Received a gift from Okawaru
 14004 | D:10     | Found a staircase to the Lair.
 14394 | D:10     | Reached skill level 10 in Throwing
 14935 | D:10     | Reached skill level 5 in Invocations
 15194 | D:11     | Noticed robertstho's ghost (journeyman MiBe)
 15206 | D:11     | Identified 3 scrolls of acquirement
 15209 | D:11     | Acquired the amulet "Loliutte" {Acrobat rPois rN+}
 15210 | D:11     | Acquired the +3 Elemental Staff {rElec rF++ rC++ Will++
                  | AC+5}
 15211 | D:11     | Found the +3 Elemental Staff {rElec rF++ rC++ Will++ AC+5}
 15211 | D:11     | Acquired 797 gold pieces
 15310 | D:11     | Noticed a manticore
 15317 | D:11     | Killed a manticore
 15489 | D:11     | Killed an unseen horror
 15729 | D:11     | Found a transporter.
 15749 | D:11     | Found a transporter.
 15749 | D:11     | Noticed a moth of wrath
 15822 | D:11     | Received a gift from Okawaru
 16071 | D:12     | Noticed a two-headed ogre
 16091 | D:12     | Killed a two-headed ogre
 16092 | D:12     | Reached XP level 12. HP: 40/129 MP: 16/16
 16305 | D:12     | Received a gift from Okawaru
 16631 | D:12     | Found a staircase to the Orcish Mines.
 16643 | D:12     | Found a shadowy altar of Dithmenos.
 16808 | D:12     | Reached skill level 14 in Fighting
 17115 | D:13     | Noticed a two-headed ogre
 17117 | D:13     | Noticed a tengu warrior
 17117 | D:13     | Received a gift from Okawaru
 17120 | D:13     | Killed a two-headed ogre
 17140 | D:12     | Killed a tengu warrior
 17486 | D:13     | Noticed a boulder beetle
 17577 | D:13     | Killed a boulder beetle
 17861 | D:13     | Found a flagged portal.
 17873 | D:13     | Identified the +12 halberd of Dawn {venom, rN++ Will- Dex+3
                  | SInv}
 17930 | D:13     | HP: 6/139 [brown ugly thing (8)]
 17930 | D:13     | Splashed by a brown ugly thing's acid

Illustrated notes

Levels and vault maps discovered:
D:1:      matt_arrival_grand_opening, layout_basic, serial_rivers,
          chequers_serial_rivers_micro_a, chequers_serial_rivers_micro_d,
          chequers_serial_rivers_micro_a, chequers_serial_rivers_small_b,
          chequers_serial_rivers_marsh, serial_shops, nicolae_shop_behind_doors,
          solitary_fountain
D:2:      layout_basic, nicolae_ru_the_path_less_chosen
D:3:      cheibrodos_fertilizer, layout_basic,
          nemelex_xobeh_ov_fountains_minmay, grunt_temple_overflow_diamond,
          chequers_temple_overflow_statue_of_worship, grunt_ministairs_6,
          fedhas_altar_4
D:4:      layout_rooms, serial_shops, nicolae_shop_window_shopping
D:5:      layout_rooms, kennysheep_little_box, uniq_ijyb, uniq_blork_the_orc,
          uniq_sigmund, uniq_pikel
D:6:      layout_basic, gammafunk_temple_overflow_wave, basic_altar
D:7:      layout_basic, nicolae_overflow_hidden_temple,
          minmay_temple_entry_statues_pillars, serial_shops, nicolae_shop_trees,
          basic_altar, nicolae_ossuary_entry_plus
D:8:      layout_basic, lightli_temple_of_fire, serial_shops,
          nicolae_shop_stone, minmay_misc_feat_roman
D:9:      layout_loops_ring, minmay_misc_feat_iff, kennysheep_generic_room_3
D:10:     layout_big_octagon, lair_entry_dummy, serial_gnoll_camp,
          gnoll_camp_huts_moat, gnoll_camp_mini_house, gnoll_camp_medium_02,
          gnoll_camp_mini_doghouse, gnoll_camp_mini_hut,
          hangedman_abyss_or_decor_lesser_grid, lightli_elemental_guards,
          uniq_sonja
D:11:     layout_loops_cross, gammafunk_ghost_berserking_beasts
D:12:     layout_basic, orc_0_dummy, nicolae_dithmenos_the_darkroom
D:13:     layout_basic, david_vaults_1, enter_bailey_2, hangedman_decor_riveting

Skill      XL: |  1  2  3  4  5  6  7  8  9 10 11 12 |
---------------+-------------------------------------+-----
Fighting       | 2 3 5 6 11 12 13 14 | 14.1
Maces & Flails | 1 2 3 4 6 7 |  7.3
Dodging        | 2 3 7 8 9 |  9.9
Throwing       | 3 8 9 10 | 10.8
Invocations    | 1 3 5 6 |  6.8
Spellcasting   | |  1.2
Hexes          | |  2.8

Action                   |  1- 3 |  4- 6 |  7- 9 | 10-12 || total
-------------------------+-------+-------+-------+-------++-------
Melee: Club              |   161 |       |       |       ||   161
       Quarterstaff      |    17 |   129 |   218 |   263 ||   627
       War axe           |     3 |       |       |       ||     3
       Giant club        |       |       |       |   296 ||   296
       Giant spiked club |       |       |       |    71 ||    71
Throw: Large rock        |     9 |     3 |     1 |       ||    13
       Throwing net      |       |     2 |     3 |       ||     5
       Boomerang         |       |       |       |    31 ||    31
       Javelin           |       |       |       |     9 ||     9
Invok: Heroism           |       |       |       |    21 ||    21
Evoke: Wand              |       |       |     2 |     6 ||     8
  Use: Potion            |       |     1 |     4 |     7 ||    12
       Scroll            |       |       |       |    19 ||    19
 Stab: Distracted        |       |       |     3 |     1 ||     4
Armor: Robe              |   100 |    34 |    63 |   200 ||   397
       Skin              |       |       |       |    22 ||    22
Dodge: Dodged            |   111 |    68 |   154 |   537 ||   870

Table legend: (Time is in decaauts)
 A = Elapsed time spent in this place.
 B = Non-inter-level travel time spent in this place.
 C = Inter-level travel time spent in this place.
 D = Time resting spent in this place.
 E = Time spent auto-exploring this place.
 F = Levels seen in this place.
 G = Mean time per level.
                   A        B        C        D        E       F      G
               +--------+--------+--------+--------+--------+-----+--------+
         Total |  18190 |  17610 |    580 |   3388 |  11189 |  14 | 1299.3 |
       Dungeon |  17277 |  16697 |    580 |   3388 |  10414 |  13 | 1329.0 |
       Ossuary |    912 |    912 |      0 |      0 |    775 |   1 |  912.0 |
               +--------+--------+--------+--------+--------+-----+--------+

Top non-repeatable levels by time:
     D:3: 2958 daAuts
     D:1: 2194 daAuts
     D:9: 1652 daAuts
    D:12: 1619 daAuts
    D:10: 1606 daAuts
     D:2: 1291 daAuts
     D:8: 1148 daAuts
     D:5: 1118 daAuts
 Ossuary: 912 daAuts
    D:11: 898 daAuts
     D:7: 877 daAuts
     D:6: 863 daAuts
     D:4: 714 daAuts
    D:13: 335 daAuts
